Map: Lost and Found LE

Players

LiquidTLO (TLO) - Winner!

  • Race: Zerg Zerg
  • Spawn Location: 7:00

PiLiPiLi

  • Race: Protoss Protoss
  • Spawn Location: 1:00

Event: WCS Austin 2018

VOD

Have the link to the VOD?

Description

Time

  • Played on: June 1, 2018, 2:36 p.m.
  • Length: 12:07

All games in this series

Show
View Real Time Build Order
Export as new Build Order

LiquidTLO Zerg - Winner!

Build Orders: Hatch First, Zergling Baneling 

Get SALT Encoding   

  12  0:00  Drone  
  13  0:08  Drone  
  14  0:17  Overlord  
  14  0:35  Drone x2  
  16  0:47  Hatchery  
  15  0:51  Drone  
  15  0:55  Drone  
  17  0:59  Drone  
  18  1:05  Extractor  
  17  1:15  Spawning Pool  
  17  1:18  Drone  
  17  1:22  Drone  
  18  1:29  Drone  
  19  1:39  Drone  
  20  1:50  Drone  
  21  2:01  Overlord, Queen x2  
  21  2:02  Zergling x2  
  26  2:10  Drone  
  26  2:13  Drone, Metabolic Boost  
  28  2:20  Drone  
  29  2:26  Drone  
  30  2:31  Drone  
  31  2:40  Hatchery  
  30  2:45  Queen  
  30  2:50  Overlord  
  32  2:54  Drone  
  32  2:56  Zergling x2  
  32  2:58  Zergling x2  
  35  3:01  Drone  
  35  3:04  Overlord  
  36  3:10  Drone  
  36  3:14  Drone x2  
  36  3:16  Overlord  
  36  3:18  Drone  
  39  3:22  Drone  
  39  3:24  Drone  
  39  3:26  Queen  
  43  3:32  Drone  
  43  3:34  Extractor  
  43  3:36  Drone  
  43  3:38  Baneling Nest  
  43  3:42  Drone  
  43  3:44  Drone  
  43  3:46  Zergling x2  
  43  3:47  Zergling x2  
  47  3:49  Zergling x6  
  47  3:52  Zergling x2  
  47  3:54  Zergling x2  
  52  3:59  Zergling x2  
  52  4:00  Queen  
  55  4:10  Pneumatized Carapace  
  55  4:11  Drone x2  
  55  4:16  Drone x2  
  59  4:18  Roach Warren  
  59  4:19  Drone  
  59  4:20  Drone  
  60  4:27  Overlord, Drone  
  60  4:29  Spore Crawler  
  60  4:32  Spore Crawler, Baneling  
  60  4:33  Baneling  
  60  4:34  Baneling  
  60  4:35  Baneling  
  60  4:37  Drone  
  60  4:40  Drone  
  60  4:41  Baneling x3  
  60  4:45  Drone x2  
  63  4:46  Drone  
  63  4:48  Baneling x3  
  64  4:53  Drone  
  64  4:55  Drone x2, Extractor  
  64  4:56  Drone  
  64  4:58  Drone  
  68  5:03  Baneling x2  
  68  5:05  Drone x2  
  70  5:07  Baneling  
  70  5:12  Drone  
  71  5:19  Drone x2, Zergling x4  
  71  5:21  Lair, Zergling x2  
  71  5:22  Zergling x2  
  71  5:25  Overlord, Extractor  
  71  5:26  Drone, Extractor  
  72  5:30  Overlord  
  72  5:36  Overlord  
  72  5:37  Drone x2  
  72  5:40  Overlord  
  72  5:41  Overlord  
  74  5:45  Drone x2  
  74  5:46  Overlord  
  74  5:48  Drone  
  74  5:49  Drone x2  
  79  5:51  Roach  
  79  5:53  Roach  
  79  5:55  Roach  
  79  5:56  Evolution Chamber  
  84  5:59  Roach  
  84  6:00  Roach  
  84  6:01  Roach  
  84  6:04  Roach  
  92  6:05  Roach  
  94  6:13  Roach  
  94  6:15  Roach, Drone  
  94  6:16  Roach  
  94  6:18  Roach x2  
  103  6:22  Zerg Missile Weapons Level 1  
  103  6:23  Glial Reconstitution  
  105  6:28  Zergling x2  
  105  6:29  Drone x2  
  105  6:31  Drone  
  109  6:38  Hydralisk Den  
  109  6:39  Overlord  
  108  6:41  Overlord  
  108  6:42  Hatchery, Zergling x2  
  108  6:44  Roach  
  110  6:47  Ravager  
  110  6:50  Zergling x6  
  110  6:52  Overlord  
  110  6:53  Zergling x2  
  114  6:55  Overlord  
  114  6:57  Overlord  
  114  7:00  Drone x3  
  117  7:02  Roach  
  117  7:04  Roach  
  117  7:05  Zergling x2  
  117  7:06  Zergling x2  
  117  7:08  Muscular Augments  
  119  7:10  Drone x2  
  119  7:13  Drone x2  
  121  7:15  Hydralisk  
  121  7:17  Hydralisk  
  121  7:19  Overseer  
  125  7:22  Hydralisk  
  125  7:26  Centrifical Hooks  
  125  7:29  Drone x2, Extractor  
  128  7:32  Roach x2  
  128  7:33  Roach  
  128  7:35  Roach  
  137  7:37  Zergling x4  
  137  7:41  Zergling x4  
  137  7:43  Roach  
  137  7:44  Roach x2  
  144  7:46  Zergling x2  
  144  7:47  Drone  
  144  7:49  Roach  
  144  7:50  Zergling x2  
  144  7:51  Zergling x2  
  152  7:54  Overlord, Zergling x2  
  153  7:59  Overlord  
  153  8:06  Overlord x2  
  153  8:12  Overlord  
  152  8:14  Baneling x9  
  152  8:17  Roach  
  152  8:19  Roach  
  154  8:22  Roach  
  151  8:30  Roach x2  
  151  8:32  Zergling x2  
  151  8:33  Roach x2  
  153  8:34  Zergling x6  
  153  8:35  Zergling x2  
  153  8:36  Zergling x4  
  153  8:38  Zergling x4  
  153  8:40  Zergling x2  
  161  8:43  Zergling x2  
  161  8:44  Overseer x2  
  161  8:46  Zergling x2  
  161  8:47  Zergling x4  
  161  8:52  Zergling x4  
  161  8:53  Zergling x2  
  161  8:55  Zergling x2  
  161  8:57  Roach  
  161  9:00  Roach x2  
  161  9:01  Ravager  
  161  9:02  Ravager x3  
  168  9:08  Overlord  
  168  9:10  Overlord  
  161  9:17  Overlord  
  161  9:19  Roach  
  161  9:20  Roach  
  161  9:21  Roach  
  161  9:22  Roach  
  161  9:23  Roach  
  150  9:25  Zergling x2  
  150  9:26  Roach x2  
  150  9:27  Zergling x4  
  150  9:28  Zergling x2  
  145  9:32  Zergling x2  
  145  9:33  Zergling x2  
  145  9:34  Roach, Zergling x2  
  145  9:35  Zergling x2  
  145  9:36  Zerg Missile Weapons Level 2  
  149  9:38  Ravager  
  149  9:40  Zergling x2  
  149  9:43  Zergling x8  
  149  9:44  Overseer  
  149  9:45  Zergling x2  
  156  9:46  Queen x2, Zergling x2  
  156  9:47  Drone  
  156  9:48  Extractor  
  156  9:50  Zergling x2  
  156  9:51  Zergling x2  
  161  9:53  Zergling x2  
  161  9:55  Zergling x2  
  161  9:56  Hatchery  
  161  9:57  Queen x2  
  161  9:59  Drone  
  167  10:00  Zergling x2  
  167  10:01  Overlord  
  167  10:03  Zergling x2  
  169  10:07  Roach x2  
  169  10:11  Roach  
  152  10:15  Roach x3  
  152  10:19  Roach  
  152  10:20  Baneling x3  
  152  10:21  Baneling x6, Zergling x2  
  155  10:22  Zergling x2  
  155  10:27  Zergling x2  
  156  10:30  Roach x3  
  156  10:31  Roach, Overseer  
  164  10:36  Zergling x2  
  164  10:37  Zergling x2  
  164  10:38  Zergling x2  
  164  10:39  Zergling x2  
  164  10:40  Zergling x2  
  164  10:41  Zergling x2  
  168  10:48  Roach  
  168  10:49  Zergling x2  
  162  10:52  Grooved Spines  
  162  10:53  Zergling x2  
  162  10:54  Zergling x2  
  162  10:56  Zergling x2  
  162  10:57  Zergling x12  
  171  11:01  Hydralisk  
  171  11:03  Zergling x2  
  171  11:04  Zergling x2  
  174  11:07  Hydralisk  
  176  11:13  Baneling x12  
  176  11:14  Baneling x8  
  176  11:16  Overlord  
  176  11:20  Spore Crawler  
  176  11:21  Drone  
  176  11:24  Spore Crawler  
  175  11:26  Roach x2  
  175  11:27  Hydralisk  
  175  11:32  Hydralisk x2  
  183  11:36  Baneling x2  
  183  11:37  Hydralisk  
  181  11:42  Hydralisk x2  
Show
View Real Time Build Order
Export as new Build Order

PiLiPiLi Protoss 

Build Orders: Nexus First 

Get SALT Encoding   

  12  0:01  Probe  
  13  0:13  Probe  
  14  0:20  Pylon  
  14  0:25  Probe  
  15  0:34  Probe  
  15  0:42  Probe  
  17  0:59  Nexus  
  17  1:08  Gateway  
  17  1:11  Probe  
  18  1:19  Assimilator  
  18  1:23  Probe  
  18  1:24  Assimilator  
  19  1:35  Probe  
  19  1:37  Gateway  
  20  1:44  Probe  
  21  1:54  Probe  
  21  1:56  Cybernetics Core  
  22  2:03  Probe  
  23  2:11  Probe  
  23  2:16  Probe  
  24  2:23  Probe  
  24  2:28  Probe  
  26  2:30  Adept  
  26  2:34  Adept  
  26  2:35  Probe, Warp Gate  
  31  2:40  Probe  
  31  2:44  Twilight Council  
  32  2:47  Probe, Pylon  
  33  2:51  Adept  
  33  2:55  Probe  
  36  2:59  Resonating Glaives  
  36  3:10  Probe  
  36  3:12  Adept, Probe  
  40  3:17  Pylon  
  40  3:22  Probe  
  41  3:27  Gateway  
  41  3:31  Probe  
  42  3:34  Probe  
  42  3:36  Robotics Facility  
  43  3:43  Probe  
  43  3:46  Adept  
  43  3:47  Adept, Probe  
  49  3:55  Probe  
  50  3:59  Probe  
  50  4:02  Pylon  
  51  4:06  Assimilator  
  51  4:12  Probe x2  
  51  4:15  Warp Prism  
  53  4:24  Probe  
  53  4:30  Pylon  
  57  4:31  Probe  
  57  4:36  Probe  
  57  4:38  Adept  
  60  4:39  Adept  
  60  4:43  Nexus  
  62  4:47  Pylon  
  62  4:49  Immortal, Shield Battery  
  66  4:56  Sentry  
  68  5:00  Probe  
  68  5:01  Probe  
  68  5:06  Sentry, Pylon  
  72  5:08  Sentry  
  74  5:21  Immortal, Probe  
  67  5:22  Probe  
  72  5:30  Gateway x2  
  72  5:33  Gateway, Probe  
  73  5:43  Sentry x2  
  73  5:44  Adept  
  73  5:49  Pylon  
  79  5:52  Probe  
  79  5:55  Gateway  
  80  5:59  Gateway, Probe x2  
  82  6:04  Probe  
  82  6:06  Stalker  
  82  6:07  Stalker  
  82  6:08  Stalker  
  82  6:11  Probe x2  
  91  6:26  Probe x3  
  91  6:29  Assimilator  
  91  6:31  Assimilator  
  94  6:33  Assimilator  
  94  6:34  Immortal, Dark Shrine  
  94  6:38  Probe  
  94  6:39  Probe  
  96  6:40  Probe  
  96  6:45  Pylon  
  101  6:47  Forge  
  101  6:57  Adept x4  
  109  7:03  Protoss Ground Weapons Level 1, Pylon  
  109  7:05  Pylon  
  109  7:07  Pylon  
  107  7:08  Immortal  
  107  7:17  Adept  
  107  7:18  Adept x4  
  121  7:24  Probe x2  
  123  7:31  Adept x3  
  129  7:42  Adept x3  
  135  7:56  Pylon  
  135  7:57  Pylon  
  135  7:58  Immortal, Photon Cannon  
  135  8:01  Pylon  
  139  8:14  Dark Templar x2  
  139  8:15  Zealot, Dark Templar  
  147  8:24  Immortal  
  137  8:35  Adept x3  
  137  8:36  Adept x2  
  149  8:59  Adept x6  
  149  9:00  Adept x2  
  149  9:01  Warp Prism  
  157  9:06  Nexus  
  157  9:07  Pylon  
  157  9:10  Pylon  
  157  9:12  Pylon  
  155  9:21  Adept  
  155  9:22  Adept x7  
  155  9:24  Protoss Ground Weapons Level 2  
  151  9:30  Immortal  
  111  9:49  Adept, Photon Cannon  
  111  9:50  Adept x3, Photon Cannon  
  111  9:52  Adept x4, Photon Cannon  
  109  10:15  Immortal  
  109  10:20  Dark Templar x2  
  109  10:21  Dark Templar x2  
  105  10:22  Zealot x4  
  119  10:42  Adept x2  
  118  10:43  Adept  
  114  10:52  Immortal  
  118  11:05  Robotics Facility  
  118  11:09  Probe  
  119  11:13  Probe x3  
  119  11:14  Adept  
  119  11:15  Adept x7  
  138  11:20  Gateway  
  138  11:23  Gateway  
  138  11:44  Adept  
  138  11:45  Adept x5  
  77  11:55  Adept x2  
Tags
 
Add a new tag
Caveats
  • Supply blocks, unpowered buildings, or Contaminate may cause inaccurate times.
  • Supply counts are checked every 10 seconds.